[Event "Norway Eliteserien 2023-24"]
[Site "Oslo"]
[Date "2024.02.02"]
[Round "4.11"]
[White "Amar, Elham"]
[Black "Houska, Jovanka"]
[Result "1-0"]
[ECO "B17"]
[WhiteElo "2567"]
[BlackElo "2342"]
[Annotator "ChessBase"]
[PlyCount "79"]
[EventDate "2023.10.27"]
[EventType "team-tourn"]
[EventCountry "NOR"]
[SourceTitle "playchess.com"]
[Source "ChessBase"]
[SourceQuality "1"]
[TimeControl "40/5400+30:1800+30"]

1. e4 c6 2. d4 d5 3. Nc3 dxe4 4. Nxe4 Nd7 5. Nf3 Ngf6 6. Nc3 e6 7. Bf4 b6 8. Bd3 Bb7 9. Qe2 Be7 10. O-O-O a5 11. g4 Nd5 12. Nxd5 cxd5 13. g5 Qc8 14. h4 a4 15. a3 Ba6 16. h5 Bxd3 17. Rxd3 b5 18. Rc3 Qa6 19. h6 g6 20. Ne5 Bd6 21. Kb1 Nxe5 22. Bxe5 O-O 23. Qf3 f6 24. Bxf6 b4 25. axb4 Rf7 26. Qd3 Qb7 27. b5 Ra5 28. b6 Ra6 29. Bd8 a3 30. b3 a2+ 31. Ka1 Bb4 32. Rc7 Rxc7 33. Bxc7 Qc6 34. Rh3 Ra8 35. Re3 Ba3 36. Kxa2 Bc1+ 37. Kb1 Bxe3 38. Qxe3 Kf7 39. Qe5 Ke8 40. b7 1-0

[Event "Norway Eliteserien 2023-24"]
[Site "Oslo"]
[Date "2024.02.02"]
[Round "4.12"]
[White "Bern, Ivar"]
[Black "Agdestein, Simen"]
[Result "0-1"]
[ECO "A28"]
[WhiteElo "2300"]
[BlackElo "2559"]
[Annotator "ChessBase"]
[PlyCount "50"]
[EventDate "2023.10.27"]
[EventType "team-tourn"]
[EventCountry "NOR"]
[SourceTitle "playchess.com"]
[Source "ChessBase"]
[SourceQuality "1"]
[TimeControl "40/5400+30:1800+30"]

1. c4 e5 2. Nc3 Nf6 3. Nf3 Nc6 4. e4 d6 5. h3 g6 6. g3 Bg7 7. Bg2 O-O 8. O-O Nd7 9. d3 Nc5 10. Rb1 a5 11. a3 a4 12. Bg5 Qd7 13. Nd5 f5 14. exf5 gxf5 15. Nb4 Nb3 16. Nh4 Ncd4 17. Nd5 Rf7 18. Qh5 Nc5 19. Rbd1 Nce6 20. Bh6 Bxh6 21. Qxh6 Qd8 22. Qh5 c6 23. Ne3 Ng7 24. Qh6 Rf6 25. Qg5 h6 0-1

[Event "Norway Eliteserien 2023-24"]
[Site "Oslo"]
[Date "2024.02.02"]
[Round "4.13"]
[White "Mitusov, Semen"]
[Black "Stokke, Kjetil"]
[Result "1-0"]
[ECO "B36"]
[WhiteElo "2487"]
[BlackElo "2302"]
[Annotator "ChessBase"]
[PlyCount "93"]
[EventDate "2023.10.27"]
[EventType "team-tourn"]
[EventCountry "NOR"]
[SourceTitle "playchess.com"]
[Source "ChessBase"]
[SourceQuality "1"]
[TimeControl "40/5400+30:1800+30"]

1. e4 c5 2. Nf3 Nc6 3. d4 cxd4 4. Nxd4 g6 5. c4 Nf6 6. Nc3 d6 7. Be2 Nxd4 8. Qxd4 Bg7 9. Be3 O-O 10. Qd3 a5 11. Bd4 a4 12. O-O Qa5 13. f4 Bg4 14. Rad1 Bxe2 15. Qxe2 Nd7 16. Bxg7 Kxg7 17. e5 a3 18. exd6 exd6 19. Nb5 Rfe8 20. Qf2 axb2 21. Qxb2+ Kg8 22. Nxd6 Re7 23. Qxb7 Qc5+ 24. Kh1 Rxa2 25. f5 Rf2 26. Rg1 gxf5 27. Rd5 Qb6 28. Qc8+ Nf8 29. Nxf5 Re6 30. Ne7+ Kg7 31. Nf5+ Kg8 32. c5 Qa6 33. Qb8 Qe2 34. Nd4 Qe3 35. Nxe6 fxe6 36. Qe5 Qxe5 37. Rxe5 Rc2 38. Rf1 Kg7 39. h3 Rc4 40. Rf2 Rc3 41. Kh2 Rc4 42. g3 Rc3 43. h4 Rc4 44. Rg5+ Ng6 45. h5 Kh6 46. hxg6 Kxg5 47. g7 1-0

[Event "Norway Eliteserien 2023-24"]
[Site "Oslo"]
[Date "2024.02.02"]
[Round "4.14"]
[White "Gullaksen, Eirik"]
[Black "Ingebretsen, Jens E"]
[Result "1/2-1/2"]
[ECO "B33"]
[WhiteElo "2321"]
[BlackElo "2400"]
[Annotator "ChessBase"]
[PlyCount "68"]
[EventDate "2023.10.27"]
[EventType "team-tourn"]
[EventCountry "NOR"]
[SourceTitle "playchess.com"]
[Source "ChessBase"]
[SourceQuality "1"]
[TimeControl "40/5400+30:1800+30"]

1. e4 c5 2. Nf3 e6 3. d4 cxd4 4. Nxd4 Nf6 5. Nc3 Nc6 6. Ndb5 d6 7. Bf4 e5 8. Bg5 a6 9. Na3 b5 10. Nd5 Be7 11. Bxf6 Bxf6 12. c3 Rb8 13. Nc2 Bg5 14. a3 O-O 15. Ncb4 Bb7 16. Be2 Ne7 17. O-O Rc8 18. a4 a5 19. Nxe7+ Bxe7 20. Nd5 Bxd5 21. Qxd5 Rc5 22. Qb7 bxa4 23. Rxa4 d5 24. Rd1 Qe8 25. Rda1 Qd8 26. exd5 Rxd5 27. Bf3 Rd6 28. Qe4 Rd2 29. Qxe5 Rxb2 30. Rd1 Rd2 31. Rxd2 Qxd2 32. g3 Bf6 33. Qxa5 Bxc3 34. Qd5 g6 1/2-1/2

[Event "Norway Eliteserien 2023-24"]
[Site "Oslo"]
[Date "2024.02.02"]
[Round "4.15"]
[White "Carlsson, Ludvig"]
[Black "Abdullah, Mansoor"]
[Result "1/2-1/2"]
[ECO "C89"]
[WhiteElo "2368"]
[BlackElo "2270"]
[Annotator "ChessBase"]
[PlyCount "50"]
[EventDate "2023.10.27"]
[EventType "team-tourn"]
[EventCountry "NOR"]
[SourceTitle "playchess.com"]
[Source "ChessBase"]
[SourceQuality "1"]
[TimeControl "40/5400+30:1800+30"]

1. e4 e5 2. Nf3 Nc6 3. Bb5 a6 4. Ba4 Nf6 5. O-O Be7 6. Re1 b5 7. Bb3 O-O 8. c3 d5 9. exd5 Nxd5 10. Nxe5 Nxe5 11. Rxe5 c6 12. Re1 Bd6 13. d3 Qh4 14. g3 Qh3 15. Re4 Nf6 16. Rh4 Qf5 17. Bc2 Qg6 18. Nd2 Bg4 19. Nf3 Rfe8 20. Kg2 Rad8 21. h3 Bf5 22. Rd4 Qh5 23. Rh4 Qg6 24. Rd4 Qh5 25. Rh4 Qg6 1/2-1/2

[Event "Norway Eliteserien 2023-24"]
[Site "Oslo"]
[Date "2024.02.02"]
[Round "4.16"]
[White "Fossheim, Yngve"]
[Black "Melaa, Sondre"]
[Result "0-1"]
[ECO "B70"]
[WhiteElo "2090"]
[BlackElo "2270"]
[Annotator "ChessBase"]
[PlyCount "70"]
[EventDate "2023.10.27"]
[EventType "team-tourn"]
[EventCountry "NOR"]
[SourceTitle "playchess.com"]
[Source "ChessBase"]
[SourceQuality "1"]
[TimeControl "40/5400+30:1800+30"]

1. e4 c5 2. Nf3 d6 3. d4 cxd4 4. Nxd4 Nf6 5. Nc3 g6 6. f3 Nc6 7. Be3 h5 8. Qd2 Nxd4 9. Bxd4 Bh6 10. Qf2 O-O 11. Bc4 Be6 12. Bb3 b5 13. O-O b4 14. Nd5 Bxd5 15. exd5 Qd7 16. a4 Bg7 17. Bc4 Qf5 18. Rad1 Nd7 19. Bxg7 Kxg7 20. Bd3 Qf6 21. f4 Qxb2 22. f5 Qf6 23. Qg3 g5 24. Qe3 Ne5 25. h4 g4 26. a5 Qxh4 27. f6+ exf6 28. Qe4 Rh8 29. Qxb4 Qg3 30. Rf4 Rab8 31. Qe4 Rbe8 32. Qb4 h4 33. Rdf1 h3 34. R1f2 Nf3+ 35. Kf1 hxg2+ 0-1

[Event "Norway Eliteserien 2023-24"]
[Site "Oslo"]
[Date "2024.02.02"]
[Round "4.21"]
[White "Notkevich, Benjamin Arvola"]
[Black "Petkov, Momchil"]
[Result "0-1"]
[ECO "B32"]
[WhiteElo "2462"]
[BlackElo "2504"]
[Annotator "ChessBase"]
[PlyCount "76"]
[EventDate "2023.10.27"]
[EventType "team-tourn"]
[EventCountry "NOR"]
[SourceTitle "playchess.com"]
[Source "ChessBase"]
[SourceQuality "1"]
[TimeControl "40/5400+30:1800+30"]

1. e4 c5 2. Nf3 Nc6 3. d4 cxd4 4. Nxd4 e5 5. Nb5 d6 6. N1c3 a6 7. Na3 Be6 8. Nc4 Rb8 9. Nd5 Bxd5 10. exd5 Nce7 11. a4 Nf6 12. Ne3 g6 13. Be2 Bh6 14. c4 O-O 15. a5 b6 16. axb6 Qxb6 17. O-O Ne4 18. Bd3 Nc5 19. b4 Bxe3 20. bxc5 Bxc5 21. Bh6 Rfe8 22. Qg4 Qb3 23. Rad1 e4 24. Qxe4 Nf5 25. Qf4 Nxh6 26. Qxh6 Qc3 27. h4 Rb2 28. Qf4 h5 29. Kh1 a5 30. Qg3 a4 31. Rc1 Qf6 32. Rb1 Rxb1 33. Bxb1 a3 34. Qd3 Qxh4+ 35. Kg1 Re1 36. g3 Rxf1+ 37. Kxf1 Qh1+ 38. Ke2 Qg1 0-1

[Event "Norway Eliteserien 2023-24"]
[Site "Oslo"]
[Date "2024.02.02"]
[Round "4.22"]
[White "Delchev, Aleksander"]
[Black "Vestby-Ellingsen, Mads"]
[Result "1/2-1/2"]
[ECO "B67"]
[WhiteElo "2492"]
[BlackElo "2338"]
[Annotator "ChessBase"]
[PlyCount "66"]
[EventDate "2023.10.27"]
[EventType "team-tourn"]
[EventCountry "NOR"]
[SourceTitle "playchess.com"]
[Source "ChessBase"]
[SourceQuality "1"]
[TimeControl "40/5400+30:1800+30"]

1. e4 c5 2. Nf3 d6 3. d4 cxd4 4. Nxd4 Nf6 5. Nc3 Nc6 6. Bg5 e6 7. Qd2 a6 8. O-O-O Bd7 9. Kb1 Nxd4 10. Qxd4 Be7 11. f3 Qc7 12. Qd2 Rd8 13. h4 h6 14. Be3 h5 15. Qf2 Rc8 16. Bb6 Qb8 17. Rd3 Bc6 18. Qg3 O-O 19. Be2 d5 20. Qxb8 Rxb8 21. exd5 Nxd5 22. Nxd5 Bxd5 23. b3 Rfe8 24. a4 Bc6 25. a5 Rbc8 26. g3 g6 27. Rhd1 Bf6 28. c4 e5 29. Re3 Bg7 30. b4 Ba4 31. Rd5 Bc6 32. Rd1 Ba4 33. Rd5 Bc6 1/2-1/2

[Event "Norway Eliteserien 2023-24"]
[Site "Oslo"]
[Date "2024.02.02"]
[Round "4.23"]
[White "Lund, Gunnar"]
[Black "Elmi, Saad Abobaker"]
[Result "1/2-1/2"]
[ECO "E11"]
[WhiteElo "2321"]
[BlackElo "2323"]
[Annotator "ChessBase"]
[PlyCount "206"]
[EventDate "2023.10.27"]
[EventType "team-tourn"]
[EventCountry "NOR"]
[SourceTitle "playchess.com"]
[Source "ChessBase"]
[SourceQuality "1"]
[TimeControl "40/5400+30:1800+30"]

1. d4 Nf6 2. c4 e6 3. Nf3 Bb4+ 4. Bd2 a5 5. e3 O-O 6. Bd3 d5 7. O-O b6 8. a3 Be7 9. Nc3 Bb7 10. Rc1 Nbd7 11. Nb5 c5 12. Qe2 Ne4 13. Rfd1 Nxd2 14. Nxd2 Nf6 15. cxd5 exd5 16. e4 dxe4 17. Nxe4 cxd4 18. Bb1 Bxe4 19. Bxe4 Nxe4 20. Qxe4 Bf6 21. Nxd4 Re8 22. Qg4 h5 23. Qxh5 Bxd4 24. Qg4 Bxf2+ 25. Kxf2 Qf6+ 26. Kg1 Qxb2 27. a4 Re6 28. h3 Rae8 29. Kh1 Rg6 30. Rc8 Rxc8 31. Qxc8+ Kh7 32. Qb7 Qf2 33. Qd5 Qf4 34. Rd4 Qc1+ 35. Kh2 Qc7+ 36. Kh1 Re6 37. Qh5+ Kg8 38. Qd1 g6 39. Rd8+ Kh7 40. Rd7 Qf4 41. Qa1 Qf2 42. Rd1 Re2 43. Rg1 Qf5 44. Rf1 Qd5 45. Rf3 Ra2 46. Qf1 Kg8 47. Qe1 Rc2 48. Qg3 Kg7 49. Qf4 Rc6 50. Rf1 Rd6 51. Rb1 Rf6 52. Qe3 Qa2 53. Qe4 Qf2 54. Qd3 Qf4 55. Qc3 Kh7 56. Re1 Qd6 57. Qb3 Rf4 58. Rb1 Qd4 59. Qc2 Rf2 60. Qc6 Rf6 61. Qc2 Kg7 62. Rd1 Qe5 63. Rb1 Rf4 64. Qc6 Rf6 65. Qc2 Qf4 66. Qc3 Kh7 67. Re1 Rd6 68. Qb3 Kg7 69. Rd1 Qb4 70. Qc2 Rxd1+ 71. Qxd1 b5 72. Qa1+ Kg8 73. axb5 Qxb5 74. h4 Qb4 75. Qf6 Qc5 76. Qf3 Kg7 77. Qe4 Qb4 78. Qe5+ Kh7 79. Qf6 Qe1+ 80. Kh2 Qe6 81. Qd4 Qb3 82. h5 a4 83. hxg6+ Kxg6 84. Qg4+ Kf6 85. Qf4+ Ke6 86. Qe4+ Kd6 87. Qd4+ Kc6 88. Qe4+ Kc5 89. Qe7+ Kd4 90. Qf6+ Kd3 91. Qf5+ Kd2 92. Qf4+ Kc2 93. Qe4+ Kb2 94. Qd4+ Ka2 95. Qf2+ Kb1 96. Qe1+ Kb2 97. Qf2+ Qc2 98. Qf6+ Kb1 99. Qf1+ Kb2 100. Qf6+ Qc3 101. Qf2+ Qc2 102. Qf6+ Qc3 103. Qf2+ Qc2 1/2-1/2

[Event "Norway Eliteserien 2023-24"]
[Site "Oslo"]
[Date "2024.02.02"]
[Round "4.24"]
[White "Stigar, Petter"]
[Black "Schouten, Mathias Lind"]
[Result "1/2-1/2"]
[ECO "D55"]
[WhiteElo "2173"]
[BlackElo "2291"]
[Annotator "ChessBase"]
[PlyCount "87"]
[EventDate "2023.10.27"]
[EventType "team-tourn"]
[EventCountry "NOR"]
[SourceTitle "playchess.com"]
[Source "ChessBase"]
[SourceQuality "1"]
[TimeControl "40/5400+30:1800+30"]

1. d4 d5 2. c4 e6 3. Nf3 Nf6 4. Nc3 Be7 5. Bg5 O-O 6. e3 b6 7. Rc1 Bb7 8. Bxf6 Bxf6 9. cxd5 exd5 10. Be2 Qe7 11. O-O Rd8 12. Qc2 Nd7 13. Rfd1 g6 14. Qa4 c5 15. dxc5 Nxc5 16. Qa3 Qf8 17. Nb5 Be7 18. Nbd4 a5 19. Bb5 Rac8 20. Qc3 Bf6 21. Qe1 Qd6 22. Qe2 Qb8 23. Rc2 Rc7 24. Rdc1 Rdc8 25. Qd1 h6 26. Be2 Ne4 27. Rxc7 Rxc7 28. Rxc7 Qxc7 29. Bd3 Qc5 30. Qc2 Kg7 31. h3 Qxc2 32. Bxc2 Ba6 33. Ba4 Bc4 34. a3 b5 35. Bxb5 Bxb5 36. Nxb5 Bxb2 37. Nfd4 a4 38. Ne2 g5 39. f3 Nd2 40. Nec3 Nc4 41. Nxd5 Nxa3 42. Nbc3 Bxc3 43. Nxc3 Nc4 44. Nxa4 1/2-1/2

[Event "Norway Eliteserien 2023-24"]
[Site "Oslo"]
[Date "2024.02.02"]
[Round "4.25"]
[White "Myagmarsuren, Evsuld"]
[Black "Mellem, Nicolas Axel"]
[Result "1-0"]
[ECO "B45"]
[WhiteElo "2142"]
[BlackElo "2145"]
[Annotator "ChessBase"]
[PlyCount "67"]
[EventDate "2023.10.27"]
[EventType "team-tourn"]
[EventCountry "NOR"]
[SourceTitle "playchess.com"]
[Source "ChessBase"]
[SourceQuality "1"]
[TimeControl "40/5400+30:1800+30"]

1. e4 c5 2. Nf3 e6 3. d4 cxd4 4. Nxd4 Nf6 5. Nc3 Nc6 6. Ndb5 Bb4 7. a3 Bxc3+ 8. Nxc3 d5 9. exd5 exd5 10. Bd3 O-O 11. O-O Bg4 12. f3 d4 13. Ne2 Bh5 14. Bg5 Qd6 15. Qd2 Rfe8 16. Rad1 Nd5 17. Be4 Bg6 18. Nxd4 Bxe4 19. fxe4 Rxe4 20. Nf5 Qc5+ 21. Kh1 Nb6 22. b4 Qe5 23. b5 Qxb5 24. Nd6 Qe2 25. Nxe4 Qxe4 26. Rfe1 Qa4 27. Bd8 h6 28. Re8+ Kh7 29. Qd3+ g6 30. Qf3 f5 31. Qc3 g5 32. Rh8+ Kg6 33. Qf6+ Kh5 34. Qxg5# 1-0

[Event "Norway Eliteserien 2023-24"]
[Site "Oslo"]
[Date "2024.02.02"]
[Round "4.26"]
[White "Evenshaug, Amadeus Hestvik"]
[Black "Torfoss, Sivert Schanche"]
[Result "1-0"]
[ECO "C29"]
[WhiteElo "2005"]
[BlackElo "1962"]
[Annotator "ChessBase"]
[PlyCount "163"]
[EventDate "2023.10.27"]
[EventType "team-tourn"]
[EventCountry "NOR"]
[SourceTitle "playchess.com"]
[Source "ChessBase"]
[SourceQuality "1"]
[TimeControl "40/5400+30:1800+30"]

1. e4 e5 2. Nc3 Nf6 3. f4 d5 4. fxe5 Nxe4 5. Qf3 Nxc3 6. dxc3 Be6 7. Bf4 Be7 8. O-O-O Nd7 9. Qg3 g5 10. Be3 c6 11. Nf3 Qa5 12. Bxg5 Rg8 13. Qh4 Bxg5+ 14. Nxg5 Qd8 15. Nf3 Qxh4 16. Nxh4 Nxe5 17. Re1 Ng4 18. Bd3 Kd7 19. g3 h5 20. Re2 c5 21. Rf1 Rg5 22. Nf3 Rg7 23. Ne5+ Kd6 24. Nxg4 hxg4 25. Bf5 Rg5 26. Bxe6 fxe6 27. Rf7 b6 28. Ref2 Rh5 29. b3 Ke5 30. Re2+ Kd6 31. Kd1 Rh6 32. Kc1 a5 33. Rb7 Kc6 34. Rg7 Rf8 35. Rxg4 Kd6 36. Rg5 Rh3 37. Rg6 Re8 38. a4 d4 39. c4 Kd7 40. Kd1 Rf8 41. Rgxe6 Rxh2 42. Rxh2 Kxe6 43. Rh6+ Kd7 44. Rxb6 Rg8 45. Rb5 Kc6 46. Rxa5 Rxg3 47. Ra6+ Kb7 48. Re6 Rg1+ 49. Kd2 Rg2+ 50. Re2 Rg3 51. Rh2 Kb6 52. Rh6+ Ka5 53. Rc6 Rg2+ 54. Kd3 Rg3+ 55. Kd2 Rg2+ 56. Kc1 d3 57. cxd3 Kb4 58. Kd1 Ra2 59. Ke1 Kxb3 60. Rxc5 Kc3 61. Rd5 Rxa4 62. Ke2 Ra8 63. Ke3 Re8+ 64. Kf4 Kb4 65. Kf5 Kc3 66. c5 Kb4 67. d4 Kc4 68. Rd6 Kb5 69. Kf6 Re1 70. c6 Kb6 71. d5 Kc7 72. Rd7+ Kc8 73. Rh7 Re2 74. d6 Rf2+ 75. Ke5 Re2+ 76. Kf4 Rf2+ 77. Ke3 Rf8 78. Rc7+ Kb8 79. Rb7+ Ka8 80. Re7 Kb8 81. d7 Kc7 82. Re8 1-0

[Event "Norway Eliteserien 2023-24"]
[Site "Oslo"]
[Date "2024.02.04"]
[Round "4.31"]
[White "Pantzar, Milton"]
[Black "Tari, Aryan"]
[Result "1/2-1/2"]
[ECO "E11"]
[WhiteElo "2468"]
[BlackElo "2635"]
[Annotator "ChessBase"]
[PlyCount "85"]
[EventDate "2023.10.27"]
[EventType "team-tourn"]
[EventCountry "NOR"]
[SourceTitle "playchess.com"]
[Source "ChessBase"]
[SourceQuality "1"]
[TimeControl "40/5400+30:1800+30"]

1. d4 d5 2. c4 e6 3. Nf3 Nf6 4. g3 Bb4+ 5. Bd2 Be7 6. Bg2 O-O 7. O-O c6 8. Qc2 Nbd7 9. Rd1 a5 10. Bf4 h6 11. b3 b6 12. Ne5 Nxe5 13. dxe5 Nd7 14. cxd5 cxd5 15. e4 d4 16. Rxd4 Bc5 17. Rd1 Qe7 18. Nc3 Ba6 19. Na4 Rac8 20. Nxc5 Nxc5 21. Rd6 Nd3 22. Qd2 Nxf4 23. gxf4 Qc7 24. Rd1 Qc2 25. h4 Be2 26. Qxc2 Rxc2 27. R1d2 Rfc8 28. Rxc2 Rxc2 29. Rxb6 Rxa2 30. f5 Rb2 31. fxe6 fxe6 32. Rxe6 Rxb3 33. Re8+ Kf7 34. Ra8 g5 35. Rxa5 Ke6 36. Rd5 gxh4 37. Rd6+ Kxe5 38. Rxh6 h3 39. Bxh3 Kxe4 40. Re6+ Kf4 41. Bg2 Bf3 42. Rf6+ Kg4 43. Bxf3+ 1/2-1/2

[Event "Norway Eliteserien 2023-24"]
[Site "Oslo"]
[Date "2024.02.04"]
[Round "4.32"]
[White "Urkedal, Frode Olav Olsen"]
[Black "Storme, Isak"]
[Result "1-0"]
[ECO "C77"]
[WhiteElo "2525"]
[BlackElo "2439"]
[Annotator "ChessBase"]
[PlyCount "79"]
[EventDate "2023.10.27"]
[EventType "team-tourn"]
[EventCountry "NOR"]
[SourceTitle "playchess.com"]
[Source "ChessBase"]
[SourceQuality "1"]
[TimeControl "40/5400+30:1800+30"]

1. e4 e5 2. Nf3 Nc6 3. Bb5 a6 4. Ba4 Nf6 5. O-O Be7 6. d3 b5 7. Bb3 d6 8. a3 O-O 9. Nc3 Na5 10. Ba2 Be6 11. b4 Bxa2 12. Rxa2 Nc6 13. Bg5 Ng4 14. Bd2 Nf6 15. Re1 h6 16. Nd5 Nxd5 17. exd5 Nb8 18. a4 Nd7 19. c4 bxc4 20. dxc4 f5 21. Qc2 Qe8 22. a5 Qh5 23. Qa4 Nf6 24. h3 g5 25. Ra3 g4 26. Nh2 Qg6 27. Qc6 Ne4 28. Rxe4 fxe4 29. Nxg4 Bg5 30. Rg3 Kh8 31. Nxh6 e3 32. Bxe3 Qb1+ 33. Kh2 Bf4 34. Nf7+ Kh7 35. Bxf4 exf4 36. Ng5+ Kh6 37. Rg4 Rg8 38. Nf7+ Kh5 39. Qd7 Raf8 40. Qe7 1-0

[Event "Norway Eliteserien 2023-24"]
[Site "Oslo"]
[Date "2024.02.02"]
[Round "4.33"]
[White "SK 1911-E. Risting"]
[Black "Kaasen, Tor Fredrik"]
[Result "1/2-1/2"]
[ECO "D87"]
[WhiteElo "2329"]
[BlackElo "2437"]
[Annotator "NA"]
[PlyCount "85"]
[EventDate "2023.10.27"]
[EventType "team-tourn"]
[EventCountry "NOR"]
[SourceTitle "playchess.com"]
[Source "ChessBase"]
[SourceQuality "1"]
[TimeControl "40/5400+30:1800+30"]

1. d4 Nf6 2. c4 g6 3. Nc3 d5 4. cxd5 Nxd5 5. e4 Nxc3 6. bxc3 Bg7 7. Bc4 c5 8. Ne2 O-O 9. Be3 Nc6 10. h4 cxd4 11. cxd4 Qa5+ 12. Kf1 Qa3 13. Qd2 Rd8 14. h5 Qb4 15. Qxb4 Nxb4 16. Rc1 Nc6 17. hxg6 hxg6 18. e5 Bf5 19. f3 Na5 20. g4 Nxc4 21. Rxc4 Be6 22. Rc2 Rac8 23. Rb2 f6 24. exf6 Bxf6 25. Kf2 b6 26. g5 Bg7 27. a4 Bc4 28. Rh4 Bf7 29. Rh1 Rc4 30. a5 bxa5 31. Rb7 Rc2 32. Rc1 Rxc1 33. Bxc1 Ra8 34. Rxe7 a4 35. Ba3 Bc4 36. Bc5 a5 37. Nf4 Bf7 38. Ne6 Bxe6 39. Rxe6 Kf7 40. Re7+ Kg8 41. Re6 Kf7 42. Re7+ Kg8 43. Re6 1/2-1/2

[Event "Norway Eliteserien 2023-24"]
[Site "Oslo"]
[Date "2024.02.04"]
[Round "4.34"]
[White "Haldorsen, Benjamin"]
[Black "Wallace, John Paul"]
[Result "1-0"]
[ECO "B41"]
[WhiteElo "2427"]
[BlackElo "2365"]
[Annotator "ChessBase"]
[PlyCount "107"]
[EventDate "2023.10.27"]
[EventType "team-tourn"]
[EventCountry "NOR"]
[SourceTitle "playchess.com"]
[Source "ChessBase"]
[SourceQuality "1"]
[TimeControl "40/5400+30:1800+30"]

1. e4 c5 2. Nf3 e6 3. d4 cxd4 4. Nxd4 a6 5. c4 Nf6 6. Nc3 Qc7 7. Be2 b6 8. Be3 Bb7 9. f3 Nc6 10. Qd2 Be7 11. O-O O-O 12. Kh1 Nxd4 13. Bxd4 Bc6 14. e5 Ne8 15. Qe3 Rb8 16. Rac1 Qb7 17. a3 b5 18. b4 Nc7 19. Rfd1 bxc4 20. Bxc4 h6 21. Ne4 Rfd8 22. Nd6 Bxd6 23. exd6 Ne8 24. Bd3 Rdc8 25. Bc5 Nf6 26. Bb1 Re8 27. Qe5 Nh7 28. Re1 f6 29. Qg3 e5 30. Be3 Kh8 31. Qg6 Nf8 32. Qh5 e4 33. f4 Re6 34. Red1 Ra8 35. Ba2 Ree8 36. h4 a5 37. bxa5 Qb2 38. Bf7 Qxa3 39. Bxe8 Qxe3 40. Rxc6 dxc6 41. Qf7 Nh7 42. Bxc6 Qe2 43. Rb1 Rf8 44. Qd5 e3 45. d7 Qf2 46. Qf3 Qd2 47. Bb5 f5 48. a6 e2 49. Qxe2 Qxf4 50. Qe7 Qd4 51. a7 g5 52. Qxf8+ Nxf8 53. a8=Q Qxh4+ 54. Kg1 1-0

[Event "Norway Eliteserien 2023-24"]
[Site "Oslo"]
[Date "2024.02.04"]
[Round "4.35"]
[White "Kjolberg, Jens Hjorth"]
[Black "Johansson, Linus"]
[Result "1/2-1/2"]
[ECO "C01"]
[WhiteElo "2183"]
[BlackElo "2434"]
[Annotator "ChessBase"]
[PlyCount "88"]
[EventDate "2023.10.27"]
[EventType "team-tourn"]
[EventCountry "NOR"]
[SourceTitle "playchess.com"]
[Source "ChessBase"]
[SourceQuality "1"]
[TimeControl "40/5400+30:1800+30"]

1. e4 e6 2. d4 d5 3. exd5 exd5 4. Nf3 Nf6 5. Bd3 c5 6. O-O c4 7. Re1+ Be7 8. Bf1 O-O 9. b3 cxb3 10. axb3 Nc6 11. Ne5 Be6 12. Nxc6 bxc6 13. Ba3 Bxa3 14. Rxa3 Qd6 15. Ra6 Bc8 16. Ra1 Ng4 17. g3 h5 18. Nd2 Nf6 19. Qc1 Bf5 20. Qb2 a5 21. Ra4 Ne4 22. Nxe4 Bxe4 23. Qc3 Qf6 24. Bg2 Bxg2 25. Kxg2 h4 26. Raa1 c5 27. Re5 h3+ 28. Kxh3 Qxf2 29. Qd3 Rac8 30. Rxd5 Rc6 31. Rh5 g6 32. Rf1 Qxd4 33. Qxd4 cxd4 34. Rxa5 Rxc2 35. Rd5 Rb2 36. Rxd4 Rxb3 37. Kg2 Kg7 38. g4 Rb7 39. h3 Ra8 40. Rf2 Ra3 41. Rdf4 Rc7 42. Rf6 Rb7 43. R6f4 Rc7 44. Rf6 Rb7 1/2-1/2

[Event "Norway Eliteserien 2023-24"]
[Site "Oslo"]
[Date "2024.02.02"]
[Round "4.36"]
[White "Ranaldi, Lucas"]
[Black "Dahl, Max"]
[Result "1-0"]
[ECO "B01"]
[WhiteElo "2362"]
[BlackElo "2207"]
[Annotator "ChessBase"]
[PlyCount "135"]
[EventDate "2023.10.27"]
[EventType "team-tourn"]
[EventCountry "NOR"]
[SourceTitle "playchess.com"]
[Source "ChessBase"]
[SourceQuality "1"]
[TimeControl "40/5400+30:1800+30"]

1. e4 d5 2. exd5 Qxd5 3. Nc3 Qd8 4. d4 Nf6 5. Nf3 Bg4 6. h3 Bxf3 7. Qxf3 c6 8. Be3 e6 9. O-O-O Bb4 10. Ne4 Nxe4 11. Qxe4 Qd5 12. Qxd5 cxd5 13. c4 dxc4 14. Bxc4 Nd7 15. Kc2 Nb6 16. Kb3 Nxc4 17. Kxc4 Be7 18. d5 exd5+ 19. Rxd5 a6 20. Rhd1 O-O 21. Rd7 b5+ 22. Kb3 Rfe8 23. Rb7 Bf8 24. Rdd7 f6 25. Rb6 Rec8 26. Rbb7 Rc6 27. Rdc7 Rc8 28. Rxc8 Rxc8 29. Rb6 Ra8 30. a3 Kf7 31. Kc3 Be7 32. Kd3 f5 33. Kc2 Bf6 34. Kb1 Ke7 35. b4 Kd7 36. Bf4 Ke7 37. Bd6+ Kd7 38. Bf4 Ke7 39. Bd6+ Kd7 40. Bc5 Be5 41. Rb7+ Ke6 42. Kc2 Kd5 43. Kb3 Rc8 44. Rd7+ Ke6 45. Re7+ Kd5 46. Rd7+ Ke6 47. Ra7 Rc6 48. a4 bxa4+ 49. Kxa4 Bc7 50. Bd4 g6 51. Kb3 Kd5 52. Bc3 Ke4 53. Ra8 Kd3 54. Bb2 Ke2 55. Bd4 Bd6 56. Re8+ Kd3 57. Bb2 Bc7 58. Re3+ Kd2 59. Bc3+ Rxc3+ 60. Rxc3 Bb6 61. f4 a5 62. Rc6 Be3 63. bxa5 Bxf4 64. a6 Be3 65. Rd6+ Kc1 66. Kc3 f4 67. Rd3 Bb6 68. Rf3 1-0

[Event "Norway Eliteserien 2023-24"]
[Site "Oslo"]
[Date "2024.02.02"]
[Round "4.41"]
[White "Alta-D. Sklyarov"]
[Black "Yilmaz, Muhammet Mustafa"]
[Result "0-1"]
[ECO "D02"]
[WhiteElo "2453"]
[BlackElo "1670"]
[Annotator "ChessBase"]
[PlyCount "52"]
[EventDate "2023.10.27"]
[EventType "team-tourn"]
[EventCountry "NOR"]
[SourceTitle "playchess.com"]
[Source "ChessBase"]
[SourceQuality "1"]
[TimeControl "40/5400+30:1800+30"]

1. Nf3 d5 2. g3 g6 3. Bg2 Bg7 4. d4 Nf6 5. O-O O-O 6. c3 Nbd7 7. Bf4 c6 8. Nbd2 Re8 9. Re1 Nh5 10. Be3 Qc7 11. c4 Nb6 12. b3 f5 13. Ne5 Be6 14. c5 Nd7 15. Nd3 g5 16. Bxg5 Bxd4 17. e4 Bxa1 18. Qxh5 Bf7 19. Qh4 dxe4 20. Nxe4 Bg7 21. Bf4 e5 22. Nd6 exf4 23. Nxe8 Rxe8 24. Rxe8+ Bxe8 25. Qe7 Bf7 26. Bh3 Bf6 0-1

[Event "Norway Eliteserien 2023-24"]
[Site "Oslo"]
[Date "2024.02.04"]
[Round "4.42"]
[White "Romanov, Evgeny"]
[Black "Mikalsen, Erlend"]
[Result "1-0"]
[ECO "E51"]
[WhiteElo "2593"]
[BlackElo "2341"]
[Annotator "ChessBase"]
[PlyCount "99"]
[EventDate "2023.10.27"]
[EventType "team-tourn"]
[EventCountry "NOR"]
[SourceTitle "playchess.com"]
[Source "ChessBase"]
[SourceQuality "1"]
[TimeControl "40/5400+30:1800+30"]

1. d4 Nf6 2. c4 e6 3. Nc3 Bb4 4. e3 O-O 5. Nf3 d5 6. Bd2 b6 7. cxd5 exd5 8. Rc1 c5 9. Bd3 Bg4 10. O-O Nbd7 11. dxc5 bxc5 12. Be2 Rb8 13. a3 Ba5 14. Nxd5 Rxb2 15. Ne7+ Qxe7 16. Bxa5 Ne4 17. h3 Bh5 18. Rc2 Rfb8 19. Qc1 R2b7 20. Qa1 Bg6 21. Ba6 Rb3 22. Bc7 Ng5 23. Nxg5 Bxc2 24. Bxb8 Rxb8 25. Qc3 Bg6 26. Nf3 Nf6 27. Qe5 Qxe5 28. Nxe5 Ne4 29. Rd1 Nc3 30. Rd7 f6 31. Nc6 Rb1+ 32. Kh2 Be8 33. Rd8 Kf8 34. Nxa7 Rb3 35. a4 Ke7 36. Rd3 Bxa4 37. Bc4 Ra3 38. Nc8+ Kf8 39. Nb6 Be8 40. g4 Bb5 41. h4 Bc6 42. h5 Be8 43. Kh3 g5 44. h6 Bg6 45. Rd8+ Ke7 46. Rd7+ Ke8 47. Rg7 Ra1 48. Rg8+ Ke7 49. Rxg6 hxg6 50. Kg2 1-0